 Dungeon Crawl Stone Soup version 0.29.0-13-gc9e81de378 (webtiles) character file.

Game seed: 2167730807971898993

25099 sanka the Severer (level 12, -9/110 HPs)
             Began as a Minotaur Berserker on Sept 7, 2022.
             Was a High Priest of Trog.
             Splashed with acid (10 damage)
             ... in an ice cave.
             The game lasted 00:19:15 (14530 turns).

sanka the Severer (Minotaur Berserker)             Turns: 14530, Time: 00:19:16

Health: -9/110     AC: 26    Str: 22    XL:     12   Next: 86%
Magic:  11/11      EV: 12    Int:  4    God:    Trog [*****.]
Gold:   858        SH:  0    Dex: 15    Spells: 11/11 levels left

rFire   . . .      SeeInvis .   a - +5 executioner's axe (vorpal)
rCold   + + .      Faith    .   (shield currently unavailable)
rNeg    . . .      Spirit   .   B - +9 chain mail of the Hot Ocelot {Fly}
rPois   .          Reflect  .   (helmet restricted)
rElec   .          Harm     .   p - +0 cloak
rCorr   .          Rampage  .   d - +0 pair of gloves
Will    .....                   N - +1 pair of boots
Stlth   ..........              (no amulet)
HPRegen 0.28/turn               K - ring of protection from cold
MPRegen 0.12/turn               r - ring of protection from cold

@: flying, studying Throwing
A: horns 2, retaliatory headbutt, subdued magic 1
a: Renounce Religion, Berserk, Trog's Hand, Brothers in Arms


You were in an ice cave.
You worshipped Trog.
Trog was extremely pleased with you.
You visited 1 branch of the dungeon, and saw 13 of its levels.
You also visited: Ice Cave.

You collected 858 gold pieces.


Innate Abilities, Weirdness & Mutations

You have a pair of horns on your head.
You reflexively headbutt those who attack you in melee.
Your spells are a little easier to cast, but a little less powerful.


   Skills:
 + Level 11.3 Fighting
 * Level 18.5 Axes
 + Level 11.0 Armour
 + Level 10.0 Dodging


You had 11 spell levels left.
You didn't know any spells.
Your spell library was empty.

Inventory:

Hand Weapons
 a - a +5 vorpal executioner's axe (weapon)
 b - a +0 dire flail
 D - a +1 glaive of flaming
Missiles
 u - 4 javelins (quivered)
 w - 2 curare-tipped darts {=f}
Armour
 d - a +0 pair of gloves (worn)
 p - a +0 cloak (worn)
 B - the +9 chain mail of the Hot Ocelot (worn) {Fly}

   Fly:       It grants you flight.
 N - a +1 pair of boots (worn)
Jewellery
 r - a ring of protection from cold (right hand)
 J - a ring of see invisible
 K - a ring of protection from cold (left hand)
Wands
 n - a wand of acid (4)
 G - a wand of charming (4)
 P - a wand of digging (4)
Scrolls
 e - a scroll of noise {!r}
 f - 2 scrolls of summoning
 i - 3 scrolls of enchant armour
 k - 5 scrolls of poison {!r}
 l - 5 scrolls of fear
 m - a scroll of vulnerability {!r}
 x - a scroll of butterflies
 z - a scroll of blinking {unknown}
 E - 4 scrolls of teleportation {@r4}
Potions
 c - a potion of cancellation {unknown}
 g - 2 potions of magic {unknown}
 h - 2 potions of haste {@q3}
 j - 3 potions of degeneration {unknown}
 s - 3 potions of brilliance {unknown}
 t - a potion of mutation {unknown}
 v - 2 potions of ambrosia {unknown}
 C - 8 potions of curing {unknown}
 H - a potion of berserk rage {unknown}
 L - 2 potions of attraction {unknown}
 O - a potion of flight {unknown}

Dungeon Overview and Level Annotations

Branches:
Dungeon (13/15)            Temple (0/1) D:4            Lair (0/5) D:9
    Orc (0/2) D:9           IceCv (1/1)
 Vaults: D:13-14

Altars:
Cheibriados
Elyvilon
Gozag
Hepliaklqana
Okawaru
Qazlal
Sif Muna
Trog
Vehumet
Wu Jian
Yredelemnul
Zin

Shops:
D:4 :   D:12 :

Annotations:
D:9 exclusion: 2 downstairs IceCv exclusion: ice statue

▒▒▒▒▒▒▒▒
.......▒▒▒
.......▒▒
▒......▒
▒▒▒▒▒▒.....▒
▒☼☼§°......▒
▒###§▒▒H....▒▒
▒8..☼°▒▒.....▒▒
▒▒▒
...▒▒▒▒...▒▒▒▒
..▒▒▒ .▒▒▒▒....▒▒
....▒▒▒▒▒.....▒▒▒
▒▒.........▒▒▒▒
▒▒▒▒...▒▒▒▒ ▒▒.▒▒
▒▒.▒▒


There were no monsters in sight!


Message History

You slash the slime creature!
You kill the slime creature!
Trog accepts your kill.
You are splashed with acid!
No target in view!
No target in view!
Found a manual of Ice Magic and an executioner's axe.
Found 35 gold pieces and a pair of gloves.
Item here: a manual of Ice Magic.
The floor.
Unknown command.
You are splashed with acid!
You are splashed with acid!
* * * LOW HITPOINT WARNING * * *
An ice statue comes into view.
You are splashed with acid!
* * * LOW HITPOINT WARNING * * *
The ice statue gestures.
Marking area around an ice statue as unsafe for travelling.
You are splashed with acid!
* * * LOW HITPOINT WARNING * * *
The ice statue gestures at you.
You are engulfed in freezing vapours.
You resist.
* * * LOW HITPOINT WARNING * * *
You are splashed with acid!!
* * * LOW HITPOINT WARNING * * *
Okay, then.
You are splashed with acid!
You die...

Action                   |  1- 3 |  4- 6 |  7- 9 | 10-12 || total
-------------------------+-------+-------+-------+-------++-------
Melee: Hand axe          |    25 |       |       |       ||    25
       Headbutt          |     5 |    15 |    39 |   115 ||   174
       War axe           |    18 |    97 |   229 |   218 ||   562
       Punch             |       |     1 |     5 |     5 ||    11
       Battleaxe         |       |       |       |   245 ||   245
       Executioner's axe |       |       |       |    29 ||    29
Invok: Berserk           |       |     4 |     2 |     6 ||    12
       Trog's Hand       |       |       |     1 |       ||     1
  Use: Scroll            |       |       |       |    19 ||    19
       Potion            |       |       |       |     1 ||     1
 Stab: Sleeping          |     1 |       |     4 |       ||     5
Armor: Scale mail        |     8 |    39 |     1 |       ||    48
       Animal skin       |     1 |       |       |       ||     1
       Leather armour    |       |       |    24 |       ||    24
       Chain mail        |       |       |    67 |   286 ||   353
Dodge: Dodged            |    26 |    48 |   108 |   240 ||   422

Levels and vault maps discovered:
D:1:      saegor_arrival_miasma, layout_loops_corners, serial_aquarium,
          aquarium_bridge_square [aquarium_subvault_balcony,
          aquarium_subvault_bridge, aquarium_subvault_bridge,
          aquarium_subvault_balcony], aquarium_bridge_island_small
          [aquarium_subvault_small_open, aquarium_subvault_balcony,
          aquarium_subvault_balcony, aquarium_subvault_bridge,
          aquarium_subvault_wall], aquarium_window_fake, aquarium_window_2,
          aquarium_view_2g, aquarium_view_2e, aquarium_balcony_1b
D:2:      layout_basic, ebering_ecumenical_altar_rust, uniq_crazy_yiuf_cottage,
          uniq_jessica
D:3:      minmay_roachtagon, layout_basic, nicolae_overflow_crystal_walls,
          grunt_temple_overflow_open
D:4:      layout_gridville, overflow_temple_1_default,
          minmay_temple_entry_stoned_glass, nicolae_shop_self_help, uniq_pikel,
          uniq_duvessa
D:5:      wander_river, layout_basic, nicolae_yredelemnul_corpse_copse,
          uniq_sigmund, uniq_grinder
D:6:      layout_basic, mainiacjoe_overflow_small_starburst
D:7:      layout_loops_ring, moated_statue, hangedman_decor_slide_cut,
          hangedman_decor_points
D:8:      layout_gridville, mainiacjoe_overflow_boulevard, chei_slow_surprise,
          nicolae_overflow_two_pavilions, minivault_27,
          nicolae_straight_to_the_point, uniq_maurice, uniq_erica, uniq_psyche,
          uniq_maggie
D:9:      layout_roguey, nzn_wu_jian_council_hall,
          grunt_lair_entry_orc_guard_hut, david_orc_2,
          hangedman_abyss_or_decor_stabs, corexii_leaking_fountain
D:10:     layout_loops_cross, uniq_joseph, uniq_fannar
D:11:     layout_gridville, kennysheep_okawaru_gauntlet, uniq_grum
D:12:     layout_roguey, serial_glass, glass_columns_a, glass_columns_c,
          serial_shops, shop, grunt_ministairs_5
D:13:     layout_basic, grunt_vaults_entry_fortified,
          portal_ice_cave_demonic_guard, demons_altar
IceCv:    ice_cave_hellmonk_azure_passage

Notes
Turn   | Place    | Note
-------+----------+-------------------------------------------
     0 | D:1      | sanka the Minotaur Berserker began the quest for the Orb.
     0 | D:1      | Reached XP level 1. HP: 19/19 MP: 0/0
   160 | D:1      | Reached skill level 4 in Axes
   229 | D:1      | Reached XP level 2. HP: 26/26 MP: 1/1
  1290 | D:2      | Reached skill level 5 in Axes
  1299 | D:2      | Found a faded altar of an unknown god.
  1313 | D:2      | Reached XP level 3. HP: 31/31 MP: 2/2
  1414 | D:2      | Reached skill level 6 in Axes
  1414 | D:2      | Reached XP level 4. HP: 18/39 MP: 3/3
  1638 | D:2      | Found a runed translucent door.
  1639 | D:2      | Noticed Crazy Yiuf
  1759 | D:2      | Noticed Jessica
  1764 | D:2      | Killed Jessica
  1764 | D:2      | Reached ** piety under Trog
  2170 | D:2      | Killed Crazy Yiuf
  2171 | D:2      | Reached XP level 5. HP: 45/45 MP: 4/4
  2218 | D:3      | Reached skill level 7 in Axes
  2218 | D:3      | Found a stormy altar of Qazlal.
  2222 | D:3      | Found a radiant altar of Vehumet.
  2270 | D:3      | Found a shimmering blue altar of Sif Muna.
  2469 | D:3      | Found a glowing silver altar of Zin.
  2550 | D:3      | Reached *** piety under Trog
  3060 | D:4      | Noticed a water moccasin
  3072 | D:4      | Killed a water moccasin
  3073 | D:4      | Reached skill level 8 in Axes
  3073 | D:4      | Reached XP level 6. HP: 51/51 MP: 5/5
  3204 | D:4      | Noticed Duvessa
  3204 | D:4      | Noticed Dowan
  3233 | D:4      | Killed Duvessa
  3234 | D:4      | Reached skill level 9 in Axes
  3240 | D:4      | Killed Dowan
  3475 | D:4      | Reached XP level 7. HP: 47/57 MP: 6/6
  3608 | D:4      | Found Roqut's Self-Improvement Boutique.
  3724 | D:4      | Found a staircase to the Ecumenical Temple.
  3749 | D:4      | Identified the +3 leather armour "Pahemm" {-Cast rN+++
                  | Str+4 Stlth+}
  3757 | D:4      | Found a bloodstained altar of Trog.
  3994 | D:4      | Reached skill level 10 in Axes
  4061 | D:4      | Noticed Pikel
  4069 | D:4      | Killed Pikel
  4070 | D:4      | Reached skill level 11 in Axes
  4070 | D:4      | Reached XP level 8. HP: 51/64 MP: 7/7
  4369 | D:5      | Entered Level 5 of the Dungeon
  4504 | D:5      | Noticed Grinder
  4517 | D:5      | Killed Grinder
  4518 | D:5      | Reached skill level 12 in Axes
  4587 | D:5      | Noticed Sigmund
  4599 | D:5      | Killed Sigmund
  4600 | D:5      | Reached skill level 13 in Axes
  4741 | D:5      | Noticed a two-headed ogre
  4756 | D:5      | Killed a two-headed ogre
  4757 | D:5      | Reached skill level 14 in Axes
  4757 | D:5      | Reached XP level 9. HP: 70/70 MP: 8/8
  4869 | D:5      | Found a basalt altar of Yredelemnul.
  4930 | D:5      | Reached skill level 4 in Fighting
  4974 | D:5      | Identified the +1 robe of Gallantry {Drain rElec rCorr
                  | Slay+5}
  5013 | D:5      | Reached skill level 3 in Armour
  5136 | D:5      | Reached skill level 3 in Dodging
  5243 | D:6      | Found an opulent altar of Gozag.
  5298 | D:6      | Identified the +9 chain mail of the Hot Ocelot {Fly}
  5630 | D:6      | Reached skill level 15 in Axes
  5807 | D:6      | Reached **** piety under Trog
  5950 | D:6      | Reached skill level 4 in Armour
  6522 | D:7      | Reached skill level 5 in Fighting
  6779 | D:7      | Reached skill level 4 in Dodging
  7248 | D:7      | Reached XP level 10. HP: 82/82 MP: 9/9
  7403 | D:8      | Identified +0 acid dragon scales
  7403 | D:8      | Noticed Maggie
  7409 | D:8      | Killed Maggie
  7410 | D:8      | Reached skill level 5 in Armour
  7427 | D:8      | Noticed Erica
  7439 | D:8      | Killed Erica
  7440 | D:8      | Reached skill level 6 in Fighting
  7675 | D:8      | Reached skill level 16 in Axes
  7675 | D:8      | Reached skill level 5 in Dodging
  8239 | D:8      | Found a hazy altar of Hepliaklqana.
  8249 | D:8      | Reached skill level 6 in Armour
  8264 | D:8      | Noticed Psyche
  8287 | D:8      | Killed Psyche
  8411 | D:8      | Noticed Maurice
  8447 | D:8      | Killed Maurice
  8448 | D:8      | Reached skill level 7 in Fighting
  8483 | D:8      | Found an iron altar of Okawaru.
  8484 | D:8      | Found a white marble altar of Elyvilon.
  8532 | D:8      | Found a snail-covered altar of Cheibriados.
  8713 | D:9      | Found a staircase to the Orcish Mines.
  8735 | D:9      | Reached skill level 6 in Dodging
  9033 | D:9      | Reached skill level 7 in Armour
  9147 | D:9      | Found an ornate altar of the Wu Jian Council.
  9323 | D:9      | Reached skill level 8 in Fighting
  9344 | D:9      | Found a staircase to the Lair.
  9544 | D:10     | Entered Level 10 of the Dungeon
  9648 | D:10     | Noticed Joseph
  9660 | D:10     | Killed Joseph
  9661 | D:10     | Reached XP level 11. HP: 57/94 MP: 10/10
  9677 | D:10     | Reached skill level 7 in Dodging
  9857 | D:10     | Noticed Fannar
  9868 | D:10     | Killed Fannar
  9869 | D:10     | Reached skill level 8 in Armour
 10739 | D:11     | Noticed Grum
 10986 | D:11     | Killed Grum
 11081 | D:11     | Reached skill level 9 in Fighting
 11477 | D:11     | Found an iron altar of Okawaru.
 11888 | D:12     | Found Ceghojar's Book Shoppe.
 11925 | D:12     | Reached skill level 8 in Dodging
 11956 | D:12     | Gained mutation: Your spells are a little easier to cast,
                  | but a little less powerful. [a neqoxec]
 11957 | D:12     | Noticed a soul eater
 11962 | D:12     | Reached skill level 9 in Armour
 12097 | D:12     | Noticed a brown ugly thing
 12119 | D:12     | Killed a brown ugly thing
 12387 | D:12     | Noticed a brown ugly thing
 12400 | D:12     | Killed a brown ugly thing
 12526 | D:12     | Reached skill level 17 in Axes
 12643 | D:12     | Reached skill level 10 in Fighting
 12645 | D:12     | Reached XP level 12. HP: 106/106 MP: 11/11
 12936 | D:12     | Reached skill level 9 in Dodging
 12961 | D:11     | Reached skill level 10 in Armour
 13862 | D:13     | Noticed a centaur warrior
 13869 | D:13     | Killed a centaur warrior
 13912 | D:13     | Noticed a vault guard
 13926 | D:13     | Killed a vault guard
 13960 | D:13     | Noticed a vault guard
 13968 | D:13     | Reached skill level 18 in Axes
 13971 | D:13     | Killed a vault guard
 13977 | D:13     | Reached skill level 11 in Fighting
 14130 | D:13     | Identified a scroll of acquirement
 14130 | D:13     | Acquired a +3 executioner's axe of draining
 14255 | D:13     | Noticed a centaur warrior
 14260 | D:13     | Killed a centaur warrior
 14265 | D:13     | Reached ***** piety under Trog
 14314 | D:13     | Found a frozen archway.
 14323 | D:13     | Reached skill level 11 in Armour
 14323 | D:13     | Reached skill level 10 in Dodging
 14417 | IceCv    | Entered an ice cave
 14529 | IceCv    | HP: 1/110 [acid (21)]
 14530 | IceCv    | Splashed with acid

Vanquished Creatures
  2 vault guards (D:13)
  Fannar (D:10)
  2 centaur warriors (D:13)
  A two-headed ogre (D:5)
  Erica (D:8)
  A deep elf knight (D:13)
  5 skeletal warriors
  Pikel (D:4)
  2 ugly things (D:12)
  6 cyclopes
  Maurice (D:8)
  Joseph (D:10)
  Maggie (D:8)
  Psyche (D:8)
  A yaktaur (D:13)
  3 kobold demonologists
  2 ice devils (D:13)
  2 tengu conjurers (D:13)
  4 trolls
  Grinder (D:5)
  11 slime creatures
  A shadow (D:10)
  Sigmund (D:5)
  6 yaks
  A wyvern (D:11)
  2 wraiths
  Grum (D:11)
  A steam dragon (D:8)
  4 vampire mosquitoes (D:13)
  A water moccasin (D:4)
  An acid dragon (D:9)
  Duvessa (D:4)
  A black bear (D:5)
  3 ice beasts
  3 orc warriors
  An ogre (D:6)
  3 wolves
  9 centaurs
  A phantom (D:5)
  A lemure (D:4)
  2 slime creature simulacra (IceCv)
  2 kobold brigands
  A gnoll sergeant (D:9)
  A bullfrog (D:9)
  6 scorpions
  3 glowing shapeshifter simulacra (IceCv)
  2 water moccasin zombies (D:5)
  Dowan (D:4)
  7 wights
  13 killer bees
  6 howler monkeys
  A bullfrog zombie (D:5)
  2 hounds (D:6)
  Crazy Yiuf (D:2)
  6 orc priests
  4 jellies
  A scorpion zombie (D:5)
  Jessica (D:2)
  4 iguanas
  7 orc wizards
  7 gnolls
  8 adders
  2 shadow imps
  A white imp (D:6)
  An ufetubus (D:6)
  An adder zombie (D:5)
  2 dart slugs (D:2)
  2 worms
  37 orcs
  8 ball pythons
  6 bats
  7 endoplasms
  16 giant cockroaches
  10 hobgoblins
  16 kobolds
  3 quokkas
  3 frilled lizards
  4 goblins
  3 rats
300 creatures vanquished.

Vanquished Creatures (others)
  17 fungi (D:9)
  20 plants (D:9)
37 creatures vanquished.

Grand Total: 337 creatures vanquished
